 Dungeon Crawl Stone Soup version 0.29.1-15-g9cfb28693d (webtiles) character file.

Game seed: 9057669657460205137

19925 HOAXBANE2 the Nimble (level 12, 0/53 HPs)
             Began as a Spriggan Artificer on Mar 16, 2023.
             Was a High Priest of Dithmenos.
             Engulfed by a cloud of freezing vapour (9 damage)
             ... in an ice cave.
             The game lasted 03:56:53 (19776 turns).

HOAXBANE2 the Nimble (Spriggan Artificer)          Turns: 19776, Time: 03:56:54

Health: 0/53       AC:  7    Str:  8    XL:     12   Next: 40%
Magic:  25/25      EV: 31    Int: 19    God:    Dithmenos [*****.]
Gold:   797        SH:  0    Dex: 24    Spells: 14/27 levels left

rFire   . . .      SeeInvis +   L - +3 war axe of Dafacsig {holy, *Rage rN+ Int+4 SInv}
rCold   + . .      Faith    .   (no shield)
rNeg    + . .      Spirit   .   s - +2 animal skin
rPois   .          Reflect  .   (helmet restricted)
rElec   .          Harm     .   j - +2 cloak
rCorr   .          Rampage  .   (gloves unavailable)
Will    ++...      Rage     20% (boots unavailable)
Stlth   +++++++++.              a - amulet of magic regeneration
HPRegen 0.17/turn               c - +6 ring of dexterity
MPRegen 0.59/turn               S - ring of protection from cold

@: on berserk cooldown, slowed, wreathed by umbra, quick
A: very small, no large weapons, unfitting armour, see invisible, speed 3
a: Renounce Religion, Shadow Step, Shadow Form


You were in an ice cave.
You worshipped Dithmenos.
Dithmenos was extremely pleased with you.
You visited 3 branches of the dungeon, and saw 15 of its levels.
You also visited: Ice Cave.

You collected 914 gold pieces.
You spent 117 gold pieces at shops.

Inventory:

Hand Weapons
 n - the +8 whip "Mipruthront" {flame, +Blink rPois rCorr Int-4}
   (You found it on level 2 of the Dungeon)

   It burns those it strikes, dealing additional fire damage.
   Int:       It affects your intelligence (-4).
   rPois:     It protects you from poison.
   +Blink:    It lets you blink.
   rCorr:     It protects you from acid and corrosion.
 L - the +3 war axe of Dafacsig (weapon) {holy, *Rage rN+ Int+4 SInv}
   (You found it on level 9 of the Dungeon)

   It has been blessed by the Shining One to cause great damage to the undead
   and demons.
   Int:       It affects your intelligence (+4).
   rN:        It protects you from negative energy.
   SInv:      It lets you see invisible.
   *Rage:     It berserks you when you make melee attacks (+20% chance).
Missiles
 p - 9 poisoned darts
 w - 2 throwing nets (quivered)
Armour
 j - a +2 cloak (worn)
 s - a +2 animal skin (worn)
Jewellery
 a - an amulet of magic regeneration (around neck)
 c - a +6 ring of dexterity (left hand)
 y - an amulet of guardian spirit
 B - the ring of Nurchor {rPois rF- Will++ AC+4}
   (You found it on level 7 of the Dungeon)

   [ring of protection]

   AC:        It affects your AC (+4).
   rF:        It makes you vulnerable to fire.
   rPois:     It protects you from poison.
   Will:      It greatly increases your willpower.
 C - a ring of fire
 I - a ring of positive energy
 M - an amulet of regeneration
 S - a ring of protection from cold (right hand)
Wands
 d - a wand of charming (51)
 e - a wand of iceblast (11)
 u - a wand of quicksilver (6)
 v - a wand of mindburst (16)
 D - a wand of flame (3)
 R - a wand of polymorph (5)
Scrolls
 b - a scroll of summoning
 g - 2 scrolls of identify
 r - 5 scrolls of teleportation
 x - a scroll of torment
 A - a scroll of enchant armour
 E - 6 scrolls of amnesia
 F - a scroll of fog
 G - 3 scrolls of poison
 P - a scroll of immolation
Potions
 f - 7 potions of curing
 h - 4 potions of heal wounds
 i - 5 potions of flight
 k - 3 potions of magic
 m - 2 potions of attraction
 o - 2 potions of brilliance
 q - 3 potions of cancellation
 z - a potion of lignification
 J - 2 potions of mutation
 K - a potion of ambrosia
 N - a potion of haste
Miscellaneous
 H - a phantom mirror (inert)
 O - a piece from Xom's chessboard (14/15)


   Skills:
 - Level 1.0 Fighting
 - Level 13.1 Dodging
 - Level 11.0 Stealth
 - Level 8.0 Spellcasting
 - Level 8.0 Hexes
 + Level 6.8 Summonings
 - Level 9.2 Transmutations
 - Level 2.0 Poison Magic
 - Level 12.0 Evocations


You had 14 spell levels left.
You knew the following spells:

 Your Spells              Type           Power      Damage    Failure   Level
a - Slow                  Hex            100%       N/A       1%          1
b - Confusing Touch       Hex            38%        N/A       1%          3
c - Sting                 Tmut/Pois      100%       1d8       1%          1
d - Passwall              Tmut/Erth      20%        N/A       1%          2
e - Call Canine Familiar  Summ           33%        N/A       1%          3
f - Summon Guardian Gole  Hex/Summ       35%        N/A       1%          3

Your spell library contained the following spells:

 Spells                   Type           Power      Damage    Failure   Level
 Summon Small Mammal      Summ           100%       N/A       1%          1
 Foxfire                  Conj/Fire      28%        2x1d5     9%          1
 Sandblast                Erth           14%        2d6       9%          1
 Poisonous Vapours        Pois/Air       22%        N/A       9%          2
 Leda's Liquefaction      Hex/Erth       11%        N/A       17%         4
 Stone Arrow              Conj/Erth      14%        3d7       26%         3
 Vampiric Draining        Necr           7%         2d6       26%         3
 Olgreb's Toxic Radiance  Pois           15%        N/A       36%         4
 Statue Form              Tmut/Erth      16%        N/A       91%         6
 Lee's Rapid Deconstruct  Erth           3%         3d6*      94%         5
 Malign Gateway           Summ/Tloc      10%        N/A       100%        7
 Summon Horrible Things   Summ           16%        N/A       100%        8


Dungeon Overview and Level Annotations

Branches:
Dungeon (12/15)            Temple (1/1) D:6            Lair (2/5) D:9
  Swamp (0/4) Lair:2       Spider (0/4) Lair:2          Orc (0/2) D:10
  IceCv (1/1)

Altars:
Ashenzari
Cheibriados
Dithmenos
Elyvilon
Fedhas
Gozag
Hepliaklqana
Kikubaaqudgha
Makhleb
Nemelex Xobeh
Okawaru
Qazlal
Ru
Sif Muna
Trog
Uskayaw
Vehumet
Wu Jian
Xom
Yredelemnul
Zin
The Shining One

Shops:
D:6 :   D:8 *[*((

Annotations:
IceCv exclusion: ice statue


Innate Abilities, Weirdness & Mutations

You are very small and have problems with some larger weapons.
You are too small for most types of armour.
You have supernaturally acute eyesight. (SInv)
You cover ground extremely quickly. (Speed+++)


Message History

Your wolf's corpse disappears in a puff of smoke!
You hit the ice statue.
The ice statue is heavily damaged.
You are engulfed in freezing vapours.
You resist.
The ice statue gestures.
Unknown command.
You hit the ice statue.
The ice statue is heavily damaged.
You are engulfed in freezing vapours.
You resist.
The ice statue gestures.
Unknown command.
You slash the ice statue!
The ice statue is severely damaged.
You hit the ice beast.
You are engulfed in freezing vapours.
You resist.
You are no longer berserk.
You are exhausted.
You feel yourself slow down. The ice beast barely misses you.
Unknown command.
Press: ? - help, v - describe, . - travel
Here: an ice statue (freezing vapour, severely damaged, umbra)
The floor.
Aiming: Throw Flame
Press: ? - help, Shift-Dir - straight line, f - ice statue
Aim: an ice statue (freezing vapour, severely damaged, umbra, 100% to hit)
The puff of flame hits the ice statue!
The ice statue melts!
The ice statue is severely damaged.
You hear a sizzling sound!
You are engulfed in freezing vapours.
You resist.
* * * LOW HITPOINT WARNING * * *
The ice statue gestures.
The ice beast misses you.
Aiming: Throw Flame
Press: ? - help, Shift-Dir - straight line, f/p - ice statue
Aim: an ice statue (severely damaged, umbra, 100% to hit)
The puff of flame hits the ice statue!!
The ice statue melts!
You destroy the ice statue!
Dithmenos accepts your kill.
The ice beast disappears in a puff of smoke! x2
You are engulfed in freezing vapours.
You resist.
You die...

##.....## #.......# ####
8.......## ##..######
##..÷.....# #....##..##
###.Y.......#
..........###............
.∩.∩.......#.............
.......##.†..##°°°.......
#....#####..####@........
##..## #### #...°.....#
#### ##........#
##§.....## ##....## #..##
###


You could see an ice statue and an ice beast (summoned).

Vanquished Creatures
  A hydra (Lair:1)
  A boulder beetle (D:11)
  3 two-headed ogres
  Amaemon (D:9)
  Lodul (D:10)
  The ghost of Peloso the Protected, a novice MiFi of Okawaru (D:6)
  A manticore (D:11)
  An ice statue (IceCv)
  Joseph (D:8)
  An orange demon (D:9)
  A rime drake (IceCv)
  2 komodo dragons
  A hornet (D:8)
  Grinder (D:4)
  A troll (D:10)
  A shadow (D:9)
  3 wyverns
  A vampire (D:11)
  8 yaks
  Menkaure (D:6)
  2 water moccasins (Lair:1)
  2 sky beasts
  8 ogres
  3 black bears
  An ice beast (D:5)
  6 orc warriors
  A phantom (D:5)
  2 kobold brigands
  6 bullfrogs
  4 gnoll sergeants (D:10)
  4 scorpions
  15 killer bees
  2 howler monkeys
  4 electric eels (Lair:1)
  A komodo dragon simulacrum (IceCv)
  7 hounds
  A jelly (D:7)
  5 orc priests
  A gnoll bouda (D:7)
  5 iguanas
  Crazy Yiuf (D:2)
  Ijyb (D:3)
  Natasha (thrice) (D:3)
  3 orc wizards
  Robin (D:3)
  14 gnolls
  5 adders
  2 acid dragon simulacra (IceCv)
  2 shadow imps (D:6)
  3 white imps
  An ufetubus (D:4)
  2 steam dragon simulacra (IceCv)
  A worm (D:3)
  27 orcs
  9 endoplasms
  3 giant cockroaches (D:3)
  16 goblins
  6 hobgoblins
  3 jackals (D:3)
  3 quokkas
  9 ball pythons
  5 bats
  A frilled lizard (D:3)
  9 kobolds
  8 rats
250 creatures vanquished.

Vanquished Creatures (collateral kills)
  An orc knight (D:11)
  A rime drake (IceCv)
  A wraith (D:12)
  2 yaks (Lair:1)
  An ogre (D:9)
  A killer bee (D:9)
  2 gnolls (D:11)
  3 orcs (D:11)
12 creatures vanquished.

Vanquished Creatures (others)
  A two-headed ogre (D:10)
  2 cyclopes (D:11)
  4 trolls
  5 yaks (D:10)
  9 orc warriors
  8 ogres
  3 gnoll sergeants
  2 lindwurm simulacra (IceCv)
  2 komodo dragon simulacra (IceCv)
  3 acid dragon simulacra (IceCv)
  2 gnolls (D:10)
  3 orcs
  15 fungi
  30 plants
89 creatures vanquished.

Grand Total: 351 creatures vanquished

Notes
Turn   | Place    | Note
-------+----------+-------------------------------------------
     0 | D:1      | HOAXBANE2 the Spriggan Artificer began the quest for the
                  | Orb.
     0 | D:1      | Reached XP level 1. HP: 9/9 MP: 2/2
   986 | D:1      | Reached skill level 1 in Fighting
  1322 | D:1      | Reached XP level 2. HP: 10/14 MP: 3/3
  1977 | D:2      | Identified the +8 whip "Mipruthront" {flame, +Blink rPois
                  | rCorr Int-4}
  2117 | D:2      | Learned a level 1 spell: Slow
  2226 | D:2      | Reached XP level 3. HP: 18/18 MP: 4/4
  2340 | D:2      | Reached skill level 4 in Dodging
  2342 | D:2      | Reached skill level 5 in Evocations
  2406 | D:2      | Reached skill level 1 in Spellcasting
  2489 | D:2      | Reached XP level 4. HP: 22/22 MP: 6/8
  2617 | D:2      | Found a runed translucent door.
  2618 | D:2      | Noticed Crazy Yiuf
  2672 | D:2      | Killed Crazy Yiuf
  2673 | D:2      | Reached skill level 1 in Hexes
  3163 | D:3      | Noticed Ijyb
  3271 | D:3      | Noticed Robin
  3405 | D:3      | Found a stormy altar of Qazlal.
  3769 | D:3      | Killed Ijyb
  3770 | D:3      | Reached XP level 5. HP: 21/25 MP: 9/9
  3837 | D:3      | Found a shadowy altar of Dithmenos.
  3850 | D:3      | Became a worshipper of Dithmenos the Shadowed
  4114 | D:3      | Found a shimmering altar of Xom.
  4119 | D:3      | Noticed Natasha
  4657 | D:3      | Killed Natasha
  4701 | D:3      | Found a glowing golden altar of the Shining One.
  4754 | D:3      | Killed Robin
  4788 | D:3      | Noticed Natasha
  4822 | D:3      | Killed Natasha
  4823 | D:3      | Reached skill level 5 in Stealth
  5440 | D:3      | Found a shadowy altar of Dithmenos.
  5534 | D:3      | Noticed Natasha
  5651 | D:3      | Found a shimmering altar of Xom.
  5746 | D:3      | Found a glowing golden altar of the Shining One.
  5834 | D:3      | Found a stormy altar of Qazlal.
  6115 | D:3      | Killed Natasha
  6116 | D:3      | Reached XP level 6. HP: 16/30 MP: 10/10
  6521 | D:4      | Learned a level 3 spell: Confusing Touch
  6573 | D:4      | Reached * piety under Dithmenos
  6621 | D:4      | Found a radiant altar of Vehumet.
  6635 | D:4      | Noticed Grinder
  6679 | D:4      | Paralysed by Grinder for 2 turns
  6684 | D:4      | Killed Grinder
  6685 | D:4      | Reached skill level 5 in Spellcasting
  6685 | D:4      | Reached XP level 7. HP: 33/33 MP: 10/15
  6908 | D:4      | Reached skill level 5 in Hexes
  7340 | D:5      | Entered Level 5 of the Dungeon
  7365 | D:5      | Learned a level 1 spell: Sting
  7402 | D:5      | Reached skill level 1 in Transmutations
  7402 | D:5      | Reached skill level 1 in Poison Magic
  7685 | D:5      | Reached XP level 8. HP: 37/37 MP: 14/16
  8365 | D:5      | Found an iron altar of Okawaru.
  8372 | D:5      | Identified the +6 mace of Buynnakk {vorpal, rElec rPois
                  | rCorr Dex+2}
  8721 | D:6      | Found a staircase to the Ecumenical Temple.
  8752 | Temple   | Entered the Ecumenical Temple
  9377 | D:6      | Found a runed translucent gate.
  9377 | D:6      | Found a runed translucent gate.
  9377 | D:6      | Found a runed translucent gate.
  9379 | D:6      | Noticed Peloso's ghost (novice MiFi)
  9458 | D:6      | Found Romnut's Book Boutique.
  9659 | D:6      | Noticed Menkaure
  9713 | D:6      | Reached ** piety under Dithmenos
  9714 | D:6      | Reached skill level 5 in Dodging
  9768 | D:6      | Killed Menkaure
 10088 | D:6      | Reached XP level 9. HP: 41/41 MP: 17/17
 10238 | D:7      | Found a broken altar of Ashenzari.
 10303 | D:7      | Found an ancient bone altar of Kikubaaqudgha.
 10320 | D:7      | Reached skill level 6 in Dodging
 10367 | D:7      | Found a glowing silver altar of Zin.
 10367 | D:7      | Noticed an angel
 10424 | D:7      | Identified the ring of Nurchor {rPois rF- Will++ AC+4}
 10448 | D:7      | Noticed a two-headed ogre
 10477 | D:7      | Killed a two-headed ogre
 10478 | D:7      | Reached skill level 7 in Dodging
 10478 | D:7      | Reached skill level 10 in Stealth
 11079 | D:8      | Found Vessit's Elemental Accessories.
 11120 | D:8      | Bought a wand of flame (12) for 117 gold pieces
 11123 | D:8      | Found a bloodstained altar of Trog.
 11176 | D:8      | Noticed Joseph
 11179 | D:8      | Reached skill level 8 in Dodging
 11316 | D:8      | Noticed a two-headed ogre
 11749 | D:7      | Killed a two-headed ogre
 11750 | D:7      | Reached skill level 5 in Transmutations
 11750 | D:7      | Reached XP level 10. HP: 45/45 MP: 16/18
 11897 | D:8      | Found Xotavuv's General Store.
 11898 | D:8      | Found Niuval's Armour Boutique.
 11901 | D:8      | Found Janilos's Weapon Boutique.
 11902 | D:8      | Found Iggas's Antique Weapon Boutique.
 12048 | D:8      | Killed Joseph
 12049 | D:8      | Reached skill level 9 in Dodging
 12123 | D:8      | Found an opulent altar of Gozag.
 12324 | D:9      | Noticed Amaemon
 12324 | D:9      | Noticed an orange demon
 12942 | D:8      | Reached *** piety under Dithmenos
 12945 | D:8      | Reached skill level 10 in Evocations
 13022 | D:9      | Killed Amaemon
 13023 | D:9      | Reached skill level 10 in Dodging
 13041 | D:9      | Killed an orange demon
 13101 | D:9      | Found a staircase to the Lair.
 13133 | D:9      | Identified the +3 war axe of Dafacsig {holy, *Rage rN+
                  | Int+4 SInv}
 13155 | D:9      | Learned a level 2 spell: Passwall
 13175 | D:9      | Learned a level 3 spell: Call Canine Familiar
 13371 | D:9      | Found a shimmering blue altar of Sif Muna.
 13380 | D:9      | Got Sif Muna's Grimoire of Transmutation
 13382 | D:9      | Got Sif Muna's Catalogue of the Lithosphere
 13384 | D:9      | Got Sif Muna's Catalogue of Embers
 13527 | Lair:1   | Entered Level 1 of the Lair of Beasts
 13527 | Lair:1   | Found a gate leading to a gauntlet.
 13612 | Lair:1   | Noticed a five-headed hydra
 13623 | Lair:1   | Killed a six-headed hydra
 13802 | Lair:1   | Reached skill level 1 in Summonings
 13880 | Lair:1   | Reached XP level 11. HP: 49/49 MP: 19/19
 14220 | Lair:1   | Identified the +5 scale mail of the Maze {Dex+5}
 14738 | D:10     | Entered Level 10 of the Dungeon
 14774 | D:10     | Noticed a two-headed ogre
 14816 | D:10     | Killed a two-headed ogre
 15312 | D:10     | Reached skill level 5 in Summonings
 15317 | D:10     | Learned a level 3 spell: Summon Guardian Golem
 15351 | D:10     | Noticed Lodul
 16034 | D:10     | Noticed a +0 spear
 16035 | D:10     | Noticed a +0 short sword
 16046 | D:10     | Reached **** piety under Dithmenos
 16304 | D:10     | Killed Lodul
 16318 | D:10     | Reached skill level 11 in Dodging
 16446 | D:10     | Noticed a +0 dagger
 16446 | D:10     | Noticed a +0 falchion
 16446 | D:10     | Noticed a +0 falchion
 16447 | D:10     | Noticed a +0 short sword
 16448 | D:10     | Noticed a +0 spear
 16449 | D:10     | Noticed a +0 dagger
 16528 | D:10     | Found a hide-covered altar of Uskayaw.
 16677 | D:10     | Found a large runed translucent door.
 16678 | D:10     | Found a large runed translucent door.
 16736 | D:10     | Found a sparkling altar of Nemelex Xobeh.
 16736 | D:10     | Noticed a two-headed ogre
 16757 | D:10     | Killed a two-headed ogre
 16758 | D:10     | Reached skill level 12 in Dodging
 16758 | D:10     | Found a sacrificial altar of Ru.
 16959 | D:10     | Found a staircase to the Orcish Mines.
 17653 | D:11     | Reached XP level 12. HP: 53/53 MP: 23/25
 17766 | D:11     | Reached ***** piety under Dithmenos
 17941 | D:11     | Reached skill level 13 in Dodging
 18786 | D:12     | Noticed a boulder beetle
 18812 | D:11     | Killed a boulder beetle
 19060 | D:6      | Killed Peloso's ghost
 19252 | Lair:2   | Found a frozen archway.
 19261 | IceCv    | Entered an ice cave
 19776 | IceCv    | Engulfed by a cloud of freezing vapour

Illustrated notes

Levels and vault maps discovered:
D:1:      scummos_arrival_checkerplants, layout_basic,
          chequers_serial_rivers_micro_a, minmay_small_reverse_x
D:2:      layout_loops_ring, uniq_crazy_yiuf_cottage
D:3:      layout_basic, mainiacjoe_overflow_24_doors, overflow_temple_1_default,
          nicolae_dithmenos_shadow_blocks, mainiacjoe_overflow_small_starburst,
          uniq_ijyb, uniq_robin, uniq_natasha
D:4:      layout_basic, lemuel_doored_altar, uniq_grinder
D:5:      nicolae_cairo_tiling_very_big, layout_basic, okawaru_ov_weapons_minmay
D:6:      layout_cave_pools, minmay_temple_entry_wispy, serial_shops, shop,
          ebering_ghost_rock_garden, nicolae_figureground_sparkle, uniq_menkaure
D:7:      layout_basic, nicolae_kikubaaqudgha_miasma_corner,
          ashenzari_conservatory_becter, zin_angel
D:8:      layout_cave_pools, nicolae_gozag_cash_rules_everything_around_me,
          trog_ov_bears_minmay, nicolae_elemental_shop, serial_bayou_pond_c,
          minmay_shop_grid_forest, small_chamber_with_monster,
          minmay_misc_feat_columns, uniq_joseph
D:9:      layout_rooms, nicolae_sif_muna_little_library, david_lair_shrubbed,
          minmay_misc_feat_encased, uniq_amaemon
D:10:     layout_basic, nicolae_uskayaw_en_pointe, jmf_multi_god_temple2,
          kennysheep_orc_monster_closet_entryway, minmay_misc_feat_square,
          nicolae_lava_and_water, uniq_lodul
D:11:     layout_rooms, special_room [special_room_orc]
D:12:     gammafunk_sealed_library, layout_basic,
          minmay_fractal_squares_gapless_5, uniq_azrael, uniq_jorgrun
Temple:   nicolae_temple_bog_church
Lair:1:   layout_roguey, gauntlet_entry_generic, serial_bayou_shore_a
Lair:2:   layout_loops_ring, swamp_mist, spider_nest_entry_web_field,
          portal_ice_cave_entry_pillars_1, infiniplex_staircase_pool,
          lemuel_fruit_fields
IceCv:    ice_cave_small_dragons

Skill      XL: |  1  2  3  4  5  6  7  8  9 10 11 12 |
---------------+-------------------------------------+-----
Fighting       | 1 |  1.0
Stealth        | 2 3 5 6 8 11 | 11.0
Dodging        | 4 5 8 10 12 13 | 13.1
Evocations     | 5 6 9 11 12 | 12.0
Spellcasting   | 2 5 8 |  8.0
Hexes          | 3 4 6 8 |  8.0
Transmutations | 3 4 5 9 |  9.2
Poison Magic   | 2 |  2.0
Summonings     | 1 5 6 |  6.8

Action                   |  1- 3 |  4- 6 |  7- 9 | 10-12 || total
-------------------------+-------+-------+-------+-------++-------
Melee: Club              |    46 |       |       |       ||    46
       Whip              |    26 |   152 |   116 |    66 ||   360
       Short sword       |    14 |       |       |       ||    14
       Punch             |       |     2 |     1 |     2 ||     5
       Mace              |       |       |     2 |       ||     2
       War axe           |       |       |       |    60 ||    60
Throw: Dart              |    16 |     3 |     3 |    26 ||    48
       Throwing net      |       |     1 |     1 |     4 ||     6
 Cast: Slow              |       |    51 |    87 |   185 ||   323
       Sting             |       |       |   171 |   330 ||   501
       Confusing Touch   |       |       |     9 |     4 ||    13
       Passwall          |       |       |       |     8 ||     8
       Summon Guardian G |       |       |       |    69 ||    69
       Call Canine Famil |       |       |       |    30 ||    30
 Abil: Evoke Blink       |       |       |     6 |     2 ||     8
Evoke: Wand              |     3 |    12 |     2 |    19 ||    36
       Piece from Xom's  |       |       |       |     5 ||     5
       Phantom mirror    |       |       |       |     1 ||     1
  Use: Scroll            |     2 |     9 |     5 |    13 ||    29
 Stab: Sleeping          |     7 |     8 |     9 |     2 ||    26
       Distracted        |     1 |     2 |     1 |     2 ||     6
       Confused          |       |       |     3 |     4 ||     7
       Held in net/web   |       |       |       |     1 ||     1
Armor: Robe              |     3 |    11 |       |       ||    14
       Animal skin       |       |     4 |    10 |    19 ||    33
Dodge: Dodged            |    88 |    86 |   107 |   300 ||   581
